 Dungeon Crawl Stone Soup version 0.31-a0-202-g547052bce9 (webtiles) character file.

Game seed: 14830793591672824340

42 qw the Shooter (level 3, -4/20 HPs)
             Began as a Deep Elf Hunter on June 26, 2023.
             Slain by a worm (8 damage)
             ... on level 1 of the Dungeon.
             The game lasted 00:00:22 (1002 turns).

qw the Shooter (Deep Elf Hunter)                    Turns: 1002, Time: 00:00:22

Health: -4/20      AC:  6    Str: 10    XL:     3   Next: 33%
Magic:  5/5        EV:  9    Int: 13    God:
Gold:   34         SH:  0    Dex: 18    Spells: 2/2 levels left

rFire   . . .        Y - +0 shortbow
rCold   . . .        (shield currently unavailable)
rNeg    . . .        e - +0 scale mail
rPois   .            (no helmet)
rElec   .            (no cloak)
rCorr   .            (no gloves)
SInv    .            (no boots)
Will    .....        (no amulet)
Stlth   +            (no ring)
HPRegen 0.23/turn    (no ring)
MPRegen 0.09/turn

%: no passive effects
@: no status effects
A: no striking features
a: no special abilities


You were on level 1 of the Dungeon.
You visited 1 branch of the dungeon, and saw 2 of its levels.

You collected 34 gold pieces.


   Skills:
 - Level 1.5 Fighting
 + Level 6.9 Ranged Weapons
 - Level 2.4 Dodging
 - Level 1.2 Stealth


You had 2 spell levels left.
You didn't know any spells.
Your spell library was empty.

Inventory:

Hand Weapons
 Y - a +0 shortbow (weapon)
Armour
 e - a +0 scale mail (worn)
Potions
 g - a potion of curing {unknown}
 h - a potion of cancellation {unknown}

Dungeon Overview and Level Annotations

Branches:
Dungeon (2/15)

Altars:


Message History

You shoot an arrow. The arrow hits the quokka.
The quokka is heavily wounded.
The quokka bites you but does no damage.
A rat comes into view.
The quokka barely misses you.
You shoot an arrow. The arrow hits the quokka.
The quokka is almost dead.
The quokka bites you. The rat misses you.
You shoot an arrow. The arrow barely misses the quokka.
The quokka bites you but does no damage.
The rat closely misses you.
The quokka bites you but does no damage.
You shoot an arrow. The arrow hits the quokka.
You kill the quokka!
The rat bites you but does no damage. The worm barely misses you.
You shoot an arrow. The arrow hits the worm.
The worm is moderately wounded.
The rat bites you but does no damage. The rat bites you.
996 ||| STAIRDANCE The worm bites you.
The rat bites you but does no damage.
You climb upwards.
There is a stone staircase leading down here.
You shoot an arrow. The arrow hits the worm.
The worm is moderately wounded.
The rat barely misses you. The worm bites you.
You shoot an arrow. The arrow hits the worm!
The worm is severely wounded.
The rat bites you. The worm bites you!
You shoot an arrow. The arrow hits the worm.
The worm is severely wounded.
The rat barely misses you. The rat bites you but does no damage.
You shoot an arrow.
The arrow hits the worm but does no damage.
The worm is severely wounded.
The worm bites you. The rat barely misses you.
You shoot an arrow.
The arrow hits the worm but does no damage.
The worm is severely wounded.
The rat barely misses you. The worm bites you!
You die...

#.######.# #.# #.# #.#
#.# ######## #.# #.#
.....#.# #.# #.#
.......# #.# #.#
####.#.####.######.#
.###.#.####.######.#
.......%.%.....r@#.#
.#####.#.##.####w#.#
.#(....#.##.####.#.#
.#.#####.##.####.#.#
.#.......##.####.#.####
.......####?####....(.#
.........##.####.#.#.##
#......#.##.####.#.#.#
.......#.##.####%#.#.#


You could see a worm and a rat.

Vanquished Creatures
  2 dart slugs (D:1)
  2 bats (D:1)
  3 endoplasms (D:1)
  2 giant cockroaches (D:1)
  2 goblins (D:1)
  2 hobgoblins (D:1)
  2 jackals (D:1)
  4 quokkas
  6 ball pythons (D:1)
  A frilled lizard (D:1)
  5 kobolds (D:1)
  3 rats (D:1)
34 creatures vanquished.

Notes
Turn   | Place    | Note
-------+----------+-------------------------------------------
     0 | D:1      | qw the Deep Elf Hunter began the quest for the Orb.
     0 | D:1      | Reached XP level 1. HP: 12/12 MP: 3/3
     0 | D:1      | 0 ||| qw: Version: 0.3-a-22-g0ed2b0b
     0 | D:1      | 0 ||| qw: Game counter: 5814
     0 | D:1      | 0 ||| qw: Melee chars always use a shield: true
     0 | D:1      | 0 ||| qw: God list: Okawaru
     0 | D:1      | 0 ||| qw: Allow faded altars: false
     0 | D:1      | 0 ||| qw: Do Orc after clearing Dungeon:15 true
     0 | D:1      | 0 ||| qw: Do second Lair branch before Depths: true
     0 | D:1      | 0 ||| qw: Lair rune preference: random
     0 | D:1      | 0 ||| qw: Goals: Normal
     0 | D:1      | 0 ||| PLANNING D:1-11
   155 | D:1      | Reached XP level 2. HP: 6/16 MP: 4/4
   157 | D:1      | Reached skill level 6 in Ranged Weapons
   701 | D:1      | Reached XP level 3. HP: 20/20 MP: 5/5
   965 | D:1      | 965 ||| UPGRADING to +0 scale mail.
   975 | D:1      | 975 ||| DROPPING +0 leather armour.
   976 | D:1      | 976 ||| READING scroll labelled MATSAOKOEGRE.
   977 | D:1      | 977 ||| READING scroll labelled QUGEDGH ISYCAI.
   978 | D:1      | 978 ||| DROPPING scroll of butterflies.
   996 | D:2      | 996 ||| STAIRDANCE
  1001 | D:1      | HP: 4/20 [worm (3)]
  1002 | D:1      | Slain by a worm

Levels and vault maps discovered:
D:1:      lightli_arrival_lavapool, layout_basic
D:2:      layout_loops_ring

Skill      XL: |  1  2 |
---------------+-------+-----
Ranged Weapons | 6 |  6.9
Fighting       | |  1.5
Dodging        | |  2.4
Stealth        | |  1.2

Action                     || total
---------------------------++-------
   Fire: Shortbow          ||    87
    Use: Scroll            ||     2
 Armour: Leather armour    ||     3
         Scale mail        ||     7
  Dodge: Dodged            ||    22

Table legend:
 A = Non-vault XP
 B = Vault XP
 C = Vault XP percentage of total XP
 D = Non-vault monster count
 E = Vault monster count
 F = Vault count percentage of total count
                 A         B        C        D         E       F
            +---------+---------+-------+---------+---------+-------
      Total |      60 |       0 |   0.0 |      34 |       0 |   0.0
            +---------+---------+-------+---------+---------+-------
        D:1 |      58 |       0 |   0.0 |      33 |       0 |   0.0
        D:2 |       2 |       0 |   0.0 |       1 |       0 |   0.0
            +---------+---------+-------+---------+---------+-------
